 Dungeon Crawl Stone Soup version 0.31-a0-1547-g618ab1f346 (webtiles) character file.

Game seed: 5892385670542808403

1 Jannitor the Sneak (level 1, -5/20 HPs)
             Began as a Hill Orc Delver on Jan 2, 2024.
             Was an Initiate of Beogh.
             Slain by a mummy (14 damage)
             ... on level 4 of the Dungeon.
             The game lasted 00:01:08 (95 turns).

Jannitor the Sneak (Hill Orc Delver)                  Turns: 95, Time: 00:01:08

Health: -5/20      AC:  3    Str: 14    XL:     1   Next: 20%
Magic:  1/1        EV: 11    Int: 10    God:    Beogh [......]
Gold:   0          SH:  0    Dex: 12    Spells: 0/0 levels left

rFire   . . .        a - +0 hand axe
rCold   . . .        (no shield)
rNeg    . . .        b - +0 leather armour
rPois   .            (no helmet)
rElec   .            (no cloak)
rCorr   .            (no gloves)
SInv    .            (no boots)
Will    .....        (no amulet)
Stlth   ++           (no ring)
HPRegen 0.23/turn    (no ring)
MPRegen 0.07/turn

%: no passive effects
@: hasted, very quick
A: no striking features
a: Renounce Religion


You were on level 4 of the Dungeon.
You worshipped Beogh.
Beogh was noncommittal.
You visited 1 branch of the dungeon, and saw 3 of its levels.

Inventory:

Hand Weapons
 a - a +0 hand axe (weapon)
Armour
 b - a +0 leather armour (worn)
Wands
 g - a wand of digging (3)
Scrolls
 c - a scroll of fog


   Skills:
 + Level 3.6 Fighting
 + Level 2.7 Axes
 + Level 1.6 Dodging
 + Level 4.1 Stealth


You couldn't memorise any spells.
You didn't know any spells.
Your spell library was empty.

Dungeon Overview and Level Annotations

Branches:
Dungeon (6/15)
 Temple: D:4-7

Altars:

Shops:
D:5 (

Portals:
Ossuary: D:4


Message History

You hear the hiss of flowing sand.
There is an entrance to an ossuary on this level.
Hurry and find it before the portal is buried!
There is a stone staircase leading down here.
The hobgoblin shouts!
The hobgoblin hits you.
You hit the hobgoblin but do no damage. The hobgoblin misses you.
You closely miss the hobgoblin. The hobgoblin closely misses you.
You hit the hobgoblin.
The hobgoblin is heavily wounded.
The hobgoblin completely misses you.
You hit the hobgoblin.
The hobgoblin is severely wounded.
The hobgoblin hits you.
You hit the hobgoblin.
You kill the hobgoblin!
Beogh accepts your kill.
No target in view!
You see here a hobgoblin corpse.
As you read the scroll of revelation, it crumbles to dust.
You feel aware of your surroundings.
You sensed 1 shop/portal.
Found a robe.
Found an escape hatch in the ceiling.
You hear the slow hiss of an avalanche of sand very nearby.
As you open the door, it creaks loudly!
A mummy comes into view.
Found a sand-covered staircase.
You feel yourself speed up.
You hit the mummy.
The mummy is moderately damaged.
The mummy hits you!
Ouch! That really hurt!
You hit the mummy but do no damage.
The mummy is moderately damaged.
You hit the mummy.
The mummy is heavily damaged.
You barely miss the mummy.
The mummy is heavily damaged.
The mummy hits you!
Ouch! That really hurt!
You die...

########.........#...#
#....[......#.#
#..........##.#
#.<.......###.#
##.......##,+.#
*......#.###.#
*.....##..##.# *******
*....###...#.# *,,,,,*
*,..##∩M@....#*
*,,,,,***,*,,###...#..#
*,,,,,,,,,,,,,*#..##..#
*,,,,,***,**,,,#.###..#
*,,,,,*
*,**,,..##,+..#***
***,***
*,***#..,**#...,,* *,*
*,* #.#,,*#....,* ***,*
***,* #.,,,,*....,*
,,,,*
*,,,*******,,,,,,,,*


You could see a mummy.

Vanquished Creatures
  A hobgoblin (D:4)
1 creature vanquished.

Notes
Turn   | Place    | Note
-------+----------+-------------------------------------------
     0 | D:5      | Jannitor the Hill Orc Delver began the quest for the Orb.
     0 | D:5      | Reached XP level 1. HP: 19/19 MP: 1/1
     4 | D:6      | Noticed a centaur
    14 | D:5      | Noticed an iguana
    16 | D:5      | Noticed an orc priest
    23 | D:5      | Became a worshipper of Beogh the Brigand
    90 | D:4      | Found a sand-covered staircase.
    95 | D:4      | Slain by a mummy

Illustrated notes

Levels and vault maps discovered:
D:4:      layout_loops_ring, nicolae_ossuary_entry_giza,
          nicolae_concentric_dashed_squares_wild, hangedman_decor_lopped,
          dilly_guarded_unrand_devastator
D:5:      layout_basic, temple_green, serial_shops, shop, gammafunk_ghost_smash,
          uniq_blork_the_orc
D:6:      layout_basic, uniq_edmund, uniq_grinder, uniq_prince_ribbit1

Action                     || total
---------------------------++-------
  Melee: Hand axe          ||     9
 Invoke: Convert to Beogh  ||     1
    Use: Scroll            ||     2
         Potion            ||     1
 Armour: Leather armour    ||     4
  Dodge: Dodged            ||     3

Table legend: (Time is in decaauts)
 A = Elapsed time spent in this place.
 B = Non-inter-level travel time spent in this place.
 C = Inter-level travel time spent in this place.
 D = Time resting spent in this place.
 E = Time spent auto-exploring this place.
 F = Levels seen in this place.
 G = Mean time per level.
                   A        B        C        D        E       F      G
               +--------+--------+--------+--------+--------+-----+--------+
         Total |     94 |     94 |      0 |      0 |      3 |   3 |   31.3 |
       Dungeon |     94 |     94 |      0 |      0 |      3 |   3 |   31.3 |
               +--------+--------+--------+--------+--------+-----+--------+

Top non-repeatable levels by time:
     D:4: 65 daAuts
     D:5: 25 daAuts
     D:6: 3 daAuts
